 Dungeon Crawl Stone Soup version 0.30-a0-329-g85436e0a43 (webtiles) character file.

Game seed: 9795827250907879255

55 purpskrrrp the Shooter (level 3, -3/33 HPs)
             Began as a Naga Hunter on Oct 28, 2022.
             Was a Believer of Cheibriados.
             Slain by a scorpion (7 damage)
             ... on level 3 of the Dungeon.
             The game lasted 00:03:08 (1685 turns).

purpskrrrp the Shooter (Naga Hunter)                Turns: 1685, Time: 00:03:09

Health: -3/33      AC:  4    Str: 17    XL:     3   Next: 93%
Magic:  3/3        EV: 10    Int: 13    God:    Cheibriados [**....]
Gold:   141        SH:  0    Dex: 20    Spells: 2/2 levels left

rFire   . . .      SeeInvis +    a - +0 shortbow
rCold   . . .      Faith    .    (shield currently unavailable)
rNeg    + . .      Spirit   .    c - +0 leather armour
rPois   +          Reflect  .    i - +0 helmet
rElec   .          Harm     .    m - +0 cloak
rCorr   .          Rampage  .    (no gloves)
Will    .....                    (no barding)
Stlth   +++.......               (no amulet)
HPRegen 0.25/turn                f - ring of positive energy
MPRegen 0.08/turn                (no ring)

@: very slow
A: AC +1, large, see invisible, deformed body, poison resistance, slowness 2,
spit poison 1, naga tail 1
a: Spit Poison, Renounce Religion, Bend Time


You were on level 3 of the Dungeon.
You worshipped Cheibriados.
Cheibriados was pleased with you.
You visited 1 branch of the dungeon, and saw 3 of its levels.

You collected 141 gold pieces.

Inventory:

Hand Weapons
 a - a +0 shortbow (weapon)
Armour
 c - a +0 leather armour (worn)
 i - a +0 helmet (worn)
 m - a +0 cloak (worn)
Jewellery
 f - a ring of positive energy (left hand)
 j - a ring of magical power
 n - a ring of protection from cold
Scrolls
 b - a scroll of immolation
 h - 2 scrolls of teleportation
 l - a scroll of amnesia {unknown}
 o - a scroll of noise {unknown}
Potions
 d - a potion of curing {unknown}
 e - a potion of resistance {unknown}
 g - 3 potions of haste {unknown}
 k - 2 potions of attraction {unknown}


   Skills:
 - Level 2.3 Fighting
 + Level 4.0 Ranged Weapons
 + Level 2.1 Dodging
 * Level 3.6 Stealth


You had 2 spell levels left.
You didn't know any spells.
Your spell library contained the following spells:

 Spells                   Type           Power      Damage    Failure   Level
 Leda's Liquefaction      Hex/Erth       0%         N/A       98%         4
 Lee's Rapid Deconstruct  Erth           0%         3d4*      100%        5
 Statue Form              Tmut/Erth      0%         N/A       100%        6


Dungeon Overview and Level Annotations

Branches:
Dungeon (3/15)

Altars:
Cheibriados
Dithmenos
Zin


Innate Abilities, Weirdness & Mutations

Your serpentine skin is tough. (AC +1)
You have supernaturally acute eyesight. (SInv)
Armour fits poorly on your strangely shaped body.
Your system is resistant to poisons. (rPois)
You cover ground very slowly.
You can spit poison.
You have a snake-like lower body.


Message History

Press: ? - help, Shift-Dir - straight line, f/p - scorpion
Aim: a scorpion (almost dead, 65% to hit)
You shoot an arrow.
The arrow completely misses the scorpion.
You feel sick.
The scorpion stings you but does no damage.
The scorpion barely misses you.
Fire: a) +0 shortbow
Press: ? - help, Shift-Dir - straight line, f/p - scorpion
Aim: a scorpion (almost dead, 65% to hit)
You shoot an arrow.
The arrow hits the scorpion but does no damage.
The scorpion is almost dead.
You feel sick. The scorpion barely misses you.
Fire: a) +0 shortbow
Press: ? - help, Shift-Dir - straight line, f/p - scorpion
Aim: a scorpion (almost dead, 65% to hit)
You shoot an arrow. The arrow closely misses the scorpion.
You feel sick. The scorpion barely misses you.
The scorpion stings you but does no damage.
Fire: a) +0 shortbow
Press: ? - help, Shift-Dir - straight line, f/p - scorpion
Aim: a scorpion (almost dead, 65% to hit)
You shoot an arrow.
The arrow hits the scorpion but does no damage.
The scorpion is almost dead.
The scorpion stings you.
* * * LOW HITPOINT WARNING * * *
Fire: a) +0 shortbow
Press: ? - help, Shift-Dir - straight line, f/p - scorpion
Aim: a scorpion (almost dead, 65% to hit)
You shoot an arrow.
The arrow hits the scorpion but does no damage.
The scorpion is almost dead.
You feel sick.
You are no longer poisoned.
The scorpion stings you.
* * * LOW HITPOINT WARNING * * *
The scorpion stings you!
You die...

(.# #.# ##+ #.# #.. #.#
..# ##.## #.######...#
#.#......#.########
######.#.####...#.......
................@....#
####.#.#.###.#.##s##.# #
#.#.........# .# #
#.###.###.### .# #
#.##..# #.# .# # #.##.##
#.# .# # #.##.# #.# .##
# #.##.####.###...# #
#.##...........#


You could see a scorpion.

Vanquished Creatures
  An adder (D:2)
  A dart slug (D:1)
  5 endoplasms
  5 giant cockroaches
  6 hobgoblins
  3 ball pythons (D:1)
  4 bats
  5 frilled lizards
  5 goblins
  4 kobolds
  A rat (D:1)
40 creatures vanquished.

Notes
Turn   | Place    | Note
-------+----------+-------------------------------------------
     0 | D:1      | purpskrrrp the Naga Hunter began the quest for the Orb.
     0 | D:1      | Reached XP level 1. HP: 19/19 MP: 1/1
   163 | D:1      | Reached XP level 2. HP: 26/26 MP: 2/2
   383 | D:1      | Found a faded altar of an unknown god.
   407 | D:1      | Prayed at the altar of an unknown god.
   407 | D:1      | Became a worshipper of Cheibriados the Contemplative
   407 | D:1      | Reached * piety under Cheibriados
   826 | D:2      | Reached XP level 3. HP: 33/33 MP: 3/3
   980 | D:2      | Found a shadowy altar of Dithmenos.
  1224 | D:2      | Reached ** piety under Cheibriados
  1610 | D:3      | Found a glowing silver altar of Zin.
  1613 | D:3      | Reached skill level 4 in Ranged Weapons
  1673 | D:3      | Noticed a scorpion
  1685 | D:3      | Slain by a scorpion

Illustrated notes

Levels and vault maps discovered:
D:1:      dpeg_arrival_rhombi, layout_loops_ring,
          dreamdust_ecumenical_altar_grove, dreamdust_princess_bridge
D:2:      layout_loops_ring, basic_altar
D:3:      layout_loops_ring, mainiacjoe_overflow_catch_the_wave,
          ebering_ghost_rock_garden, gup_sewer_entry_bowl

Skill      XL: |  1  2  3 |
---------------+----------+-----
Stealth        | 2 3 |  3.6
Dodging        | 2 |  2.1
Ranged Weapons | 4 |  4.0
Fighting       | |  2.3

Action                   || total
-------------------------++-------
 Fire: Shortbow          ||   118
  Use: Scroll            ||     2
Armor: Leather armour    ||    19
Dodge: Dodged            ||    36

Table legend: (Time is in decaauts)
 A = Elapsed time spent in this place.
 B = Non-inter-level travel time spent in this place.
 C = Inter-level travel time spent in this place.
 D = Time resting spent in this place.
 E = Time spent auto-exploring this place.
 F = Levels seen in this place.
 G = Mean time per level.
                   A        B        C        D        E       F      G
               +--------+--------+--------+--------+--------+-----+--------+
         Total |   2817 |   2644 |    173 |    139 |   2137 |   3 |  939.0 |
       Dungeon |   2817 |   2644 |    173 |    139 |   2137 |   3 |  939.0 |
               +--------+--------+--------+--------+--------+-----+--------+

Top non-repeatable levels by time:
     D:2: 1402 daAuts
     D:1: 1284 daAuts
     D:3: 131 daAuts
